 Dungeon Crawl Stone Soup version 0.22-a0-515-g75794bf (webtiles) character file.

30 kae the Firebug (level 3, -3/20 HPs)
             Began as a Tengu Fire Elementalist on June 19, 2018.
             Slain by a gnoll
             ... wielding a +0 whip
              (5 damage)
             ... on level 1 of the Dungeon.
             The game lasted 00:01:23 (1137 turns).

kae the Firebug (Tengu Fire Elementalist)           Turns: 1137, Time: 00:01:24

Health: -3/20      AC:  2    Str:  8    XL:     3   Next: 20%
Magic:  5/7        EV: 12    Int: 16    God:
Gold:   3          SH:  0    Dex: 14    Spells: 3/6 levels left

rFire    . . .     SeeInvis .   (no weapon)
rCold    . . .     Gourm    .   (no shield)
rNeg     . . .     Faith    .   a - +0 robe
rPois    .         Spirit   .   (helmet restricted)
rElec    .         Reflect  .   (no cloak)
rCorr    .         Harm     .   (no gloves)
MR       .....                  (boots unavailable)
Stlth    ++........             (no amulet)
HPRegen  0.06/turn              (no ring)
MPRegen  0.10/turn              (no ring)

@: no status effects
A: beak, talons 3
a: no special abilities


You were on level 1 of the Dungeon.
You were very hungry.

You visited 1 branch of the dungeon, and saw 2 of its levels.

You collected 3 gold pieces.

Inventory:

Armour
 a - a +0 robe (worn)
Potions
 b - a potion of heal wounds
 e - a potion of ambrosia
 f - a potion of might
Comestibles
 c - a ration


   Skills:
 + Level 1.1 Fighting
 - Level 2.1 Dodging
 - Level 2.0 Stealth
 + Level 2.2 Spellcasting
 * Level 2.5 Conjurations
 * Level 3.7 Fire Magic


You had 3 spell levels left.
You knew the following spells:

 Your Spells              Type           Power        Failure   Level  Hunger
a - Flame Tongue          Conj/Fire      ##...        5%          1    #......
b - Throw Flame           Conj/Fire      ##....       9%          2    ###....

Your spell library contained the following spells:

 Spells                   Type           Power        Failure   Level  Hunger
 Fireball                 Conj/Fire      ##........   83%         5    ######.
 Conjure Flame            Conj/Fire      ##......     17%         3    ###....
 Sticky Flame             Conj/Fire      ##......     50%         4    #####..
 Inner Flame              Hex/Fire       #.......     28%         3    ###....


Dungeon Overview and Level Annotations

Branches:
Dungeon (2/15)

Altars:


Innate Abilities, Weirdness & Mutations

You have a beak for a mouth.
You have claws for feet.


Message History

The gnoll hits you with a whip.
You climb upwards.
There is a stone staircase leading down here.
Unknown command.
Casting: Flame Tongue (safe; 5% risk of failure)
Confirm with . or Enter, or press ? or * to list all spells.
Aiming: Flame Tongue (safe; 5% risk of failure)
Press: ? - help, Shift-Dir - straight line, f - gnoll
Aim: a gnoll, wielding a whip The flame tongue misses the gnoll.
The gnoll hits you with a whip.
* * * LOW HITPOINT WARNING * * *
Casting: Flame Tongue (safe; 5% risk of failure)
Confirm with . or Enter, or press ? or * to list all spells.
Aiming: Flame Tongue (safe; 5% risk of failure)
Press: ? - help, Shift-Dir - straight line, f/p - gnoll
Aim: a gnoll, wielding a whip The flame tongue hits the gnoll.
The gnoll is severely wounded.
The gnoll hits you with a whip.
You die...

####.#### ###8##..
#....### #.###<.#
#.##...# #.# ####
#.####)# #.# #.. #.# #.#
#.# #.. #.# #.# #.# #..
#.# #.#########.# ###
#.# #.g......##.# #)#
#@######.##.# #.# #.#
#.##.# #.# #.# #.##.#
#.# #(# #.##.# #.#
#.######)##.# ### #.#
##.##........####..
#.###.(.#.###.#.......รท
#..........##.#.#####.#
####.......##.#.# #.#


You could see a gnoll.

Vanquished Creatures
  A dart slug (D:1)
  3 goblins
  6 hobgoblins (D:1)
  4 jackals (D:1)
  2 bats (D:1)
  3 frilled lizards (D:1)
  7 kobolds
26 creatures vanquished.

Notes
Turn   | Place    | Note
-------+----------+-------------------------------------------
     0 | D:1      | kae the Tengu Fire Elementalist began the quest for the Orb.
     0 | D:1      | Reached XP level 1. HP: 10/10 MP: 4/4
   290 | D:1      | Reached XP level 2. HP: 11/16 MP: 4/6
   461 | D:1      | Learned a level 2 spell: Throw Flame
   562 | D:1      | Reached skill level 1 in Fighting
   683 | D:1      | Reached XP level 3. HP: 16/20 MP: 7/7
  1137 | D:1      | Slain by a gnoll

Vault maps used:
D:1:      nagdon_arrival_double_spiral
D:2:      chequers_ecumenical_altar_simple

Skill      XL: |  1  2 |
---------------+-------+-----
Conjurations   | 2 |  2.5
Fighting       | 1 |  1.1
Dodging        | |  2.1
Stealth        | |  2.0
Spellcasting   | |  2.2
Fire Magic     | |  3.7

Action                   || total
-------------------------++-------
Melee: Unarmed           ||    41
       Peck              ||     4
       Kick              ||     6
 Cast: Flame Tongue      ||    40
  Use: Scroll            ||     5
 Stab: Sleeping          ||     2
Armor: Robe              ||    10
Dodge: Dodged            ||    36

Table legend:
 A = Spawn XP
 B = Non-spawn XP
 C = Spawn XP percentage of total XP
 D = Spawn monster count
 E = Non-spawn monster count
 F = Spawn count percentage of total count
 G = Total turns spent on level
                    A         B        C        D         E        F      G
               +---------+---------+-------+---------+---------+-------+---------
         Total |       0 |      44 |   0.0 |       0 |      26 |   0.0 |  1137
               +---------+---------+-------+---------+---------+-------+---------
           D:1 |       0 |      41 |   0.0 |       0 |      24 |   0.0 |  1118
           D:2 |       0 |       3 |   0.0 |       0 |       2 |   0.0 |    19
               +---------+---------+-------+---------+---------+-------+---------
